 Dungeon Crawl Stone Soup version 0.21.1-1-g345015f (webtiles) character file.

214 Solrac the Ducker (level 5, -6/53 HPs)
             Began as a Troll Fighter on Feb 16, 2018.
             Killed from afar by a white imp (8 damage)
             ... with a puff of frost
             ... summoned by Natasha
             ... on level 3 of the Dungeon.
             The game lasted 00:14:03 (1773 turns).

Solrac the Ducker (Troll Fighter)                   Turns: 1773, Time: 00:14:08

Health: -6/53      AC:  5    Str: 30    XL:     5   Next: 60%
Magic:  4/4        EV:  9    Int:  4    God:
Gold:   76         SH: 10    Dex:  9    Spells: 4/4 levels left

rFire    . . .     SeeInvis .   a - +0 long sword
rCold    . . .     Gourm    +   c - +1 shield
rNeg     . . .     Faith    .   b - +0 robe
rPois    +         Spirit   .   (helmet restricted)
rElec    .         Reflect  .   (no cloak)
rCorr    .         Harm     .   (gloves unavailable)
MR       .....                  (boots unavailable)
Stlth    ..........             (no amulet)
HPRegen  0.57/turn              i - ring of poison resistance
MPRegen  0.09/turn              k - ring of loudness (curse)

@: mighty
A: large, unfitting armour, claws 3, fast metabolism 3, gourmand, regeneration
1, shaggy fur 1, tough skin 2
a: no special abilities


You were on level 3 of the Dungeon.
You were full.

You visited 1 branch of the dungeon, and saw 3 of its levels.

You collected 76 gold pieces.

Inventory:

Hand Weapons
 a - a +0 long sword (weapon)
 e - a +1 vampiric whip
Missiles
 g - 4 tomahawks (quivered)
 h - 130 stones
Armour
 b - a +0 robe (worn)
 c - a +1 shield (worn)
Jewellery
 i - a ring of poison resistance (left claw)
 k - a cursed ring of loudness (right claw)
Scrolls
 l - a scroll of identify
 m - a scroll of teleportation
Comestibles
 f - 3 rations
 j - 5 chunks of flesh


   Skills:
 + Level 3.0 Fighting
 + Level 2.8 Long Blades
 + Level 3.4 Dodging
 + Level 0.3 Stealth
 + Level 3.3 Shields


You had 4 spell levels left.
You didn't know any spells.

Dungeon Overview and Level Annotations

Branches:
Dungeon (3/15)

Altars:
Trog

Annotations:
D:3 Grinder, Natasha


Innate Abilities, Weirdness & Mutations

You are too large for most types of armour.
You have claws for hands.
Your metabolism is lightning-fast.
You like to eat raw meat.
Your natural rate of healing is unusually fast.
You are covered in fur. (AC +1)
You have very tough skin. (AC +2)


Message History

You slash the leopard gecko!
You kill the leopard gecko!
Grinder blinks!
You hit Grinder.
Grinder is severely wounded.
You block Grinder's attack.
Natasha wildly gestures.
Natasha's front paws start to glow.
You block Natasha's attack.
You closely miss Grinder.
Grinder is severely wounded.
The crimson imp blinks!
Natasha closely misses you. Grinder closely misses you.
You closely miss Grinder.
Grinder is severely wounded.
Natasha claws you.
* * * LOW HITPOINT WARNING * * *
Grinder blinks!
The white imp gestures at you. The puff of frost hits you!
You die...

#.###.####........
###
#.................
....
#.................
...5
##.#######.##......
.....#..# #.##......
.....#..# #.##......
......5.# #.......##
#h.# #.###.### #.@#
#.###.#
##ยง#######.....####
#....5....###.....
#####............)
#.#.#####.####
.....# #.# ###....
..# ###### ####


You could see Grinder, Natasha and a white imp.

Vanquished Creatures
  Jessica (D:2)
  Natasha (twice) (D:3)
  An orc wizard (D:3)
  Terence (D:3)
  2 adders (D:2)
  4 worms
  A dart slug (D:2)
  3 leopard geckos
  4 orcs
  7 bats
  2 giant cockroaches
  7 hobgoblins
  A ball python (D:1)
  2 frilled lizards (D:2)
  7 goblins
  8 kobolds
  2 rats (D:2)
55 creatures vanquished.

Notes
Turn   | Place    | Note
-------+----------+-------------------------------------------
     0 | D:1      | Solrac the Troll Fighter began the quest for the Orb.
     0 | D:1      | Reached XP level 1. HP: 22/22 MP: 0/0
   146 | D:1      | Reached XP level 2. HP: 29/29 MP: 1/1
   638 | D:2      | Noticed Jessica
   667 | D:2      | Killed Jessica
   667 | D:2      | Reached XP level 3. HP: 24/36 MP: 2/2
   939 | D:2      | Reached XP level 4. HP: 37/44 MP: 3/3
  1047 | D:2      | Found a bloodstained altar of Trog.
  1154 | D:3      | Noticed Terence
  1171 | D:3      | Killed Terence
  1341 | D:3      | Reached XP level 5. HP: 30/52 MP: 4/4
  1435 | D:3      | Noticed Natasha
  1443 | D:3      | Killed Natasha
  1716 | D:3      | Noticed Natasha
  1716 | D:3      | Noticed Grinder
  1723 | D:3      | Killed Natasha
  1727 | D:3      | Paralysed by Grinder for 5 turns
  1752 | D:3      | Paralysed by Grinder for 5 turns
  1766 | D:3      | Noticed Natasha
  1773 | D:3      | HP: 2/53 [Natasha (6)]
  1773 | D:3      | Killed from afar by a white imp

Skill      XL: |  1  2  3  4  5 |
---------------+----------------+-----
Long Blades    | 2 |  2.8
Dodging        | 3 |  3.4
Shields        | 3 |  3.3
Fighting       | 3 |  3.0
Stealth        | |  0.3

Action                   |  1- 3 |  4- 6 || total
-------------------------+-------+-------++-------
Melee: Long sword        |    87 |   132 ||   219
  Use: Scroll            |     3 |     2 ||     5
       Potion            |     2 |     1 ||     3
 Stab: Sleeping          |     1 |       ||     1
  Eat: Chunk             |     6 |    11 ||    17
       Ration            |       |     1 ||     1
Armor: Robe              |    30 |    40 ||    70
Dodge: Dodged            |    34 |    43 ||    77
Block: Shield            |    47 |    74 ||   121
       Rpst.: Long sword |    10 |    14 ||    24
